 Dungeon Crawl Stone Soup version 0.30-a0-920-g7493c07aab (webtiles) character file.

Game seed: 3343826370173723556

24385 Iniera the Cleaver (level 13, -5/72 HPs)
             Began as a Vine Stalker Fighter on Mar 21, 2023.
             Was a High Priest of Qazlal.
             Slain by Donald
             ... wielding a +4 broad axe of flaming
              (30 damage)
             ... on level 2 of the Orcish Mines.
             The game lasted 00:24:59 (11248 turns).

Iniera the Cleaver (Vine Stalker Fighter)          Turns: 11248, Time: 00:25:00

Health: -5/72      AC: 22    Str: 27    XL:     13   Next: 12%
Magic:  0/18       EV: 14    Int:  7    God:    Qazlal [*****.]
Gold:   1167       SH:  7    Dex: 14    Spells: 12/12 levels left

rFire   + . .      SeeInvis +    I - +0 battleaxe
rCold   + . .      Faith    .    (shield currently unavailable)
rNeg    . . .      Spirit   +    A - +4 plate armour {rC+}
rPois   .          Reflect  .    n - +2 hat
rElec   .          Rampage  .    (no cloak)
rCorr   .                        (no gloves)
Will    +....                    i - +2 pair of boots Stlth
                                 K - amulet of regeneration
HPRegen 1.92/turn                e - ring of see invisible
MPRegen 0.16/turn                d - +5 ring of evasion

@: protected from fire, studying Short Blades, repel missiles
A: fangs 3, regeneration 1, magic shield, antimagic bite, no potion heal 2,
strong 1
a: Renounce Religion, Upheaval, Elemental Force, Disaster Area


You were on level 2 of the Orcish Mines.
You worshipped Qazlal.
Qazlal was extremely pleased with you.
You visited 3 branches of the dungeon, and saw 16 of its levels.
You also visited: Ossuary.

You collected 1491 gold pieces.
You spent 324 gold pieces at shops.

Inventory:

Hand Weapons
 I - a +0 battleaxe (weapon)
Missiles
 v - 7 throwing nets (quivered)
Armour
 i - a +2 pair of boots (worn)
 n - a +2 hat (worn)
 A - a +4 plate armour of cold resistance (worn)
Jewellery
 d - a +5 ring of evasion (right hand)
 e - a ring of see invisible (left hand)
 z - a ring of resist corrosion
 K - an amulet of regeneration (around neck)
Wands
 o - a wand of iceblast (20)
 p - a wand of paralysis (11)
 t - a wand of mindburst (19)
 u - a wand of flame (42)
 C - a wand of polymorph (5)
 J - a wand of digging (2)
Scrolls
 b - 2 scrolls of amnesia
 g - 6 scrolls of teleportation
 x - a scroll of poison
Potions
 f - a potion of cancellation
 h - 2 potions of invisibility
 j - 9 potions of curing
 l - 4 potions of brilliance
 m - 2 potions of flight {unknown}
 q - 4 potions of degeneration {unknown}
 r - 3 potions of magic {unknown}
 s - 2 potions of heal wounds {unknown}
 w - a potion of ambrosia {unknown}
 B - 4 potions of haste
 D - a potion of lignification
 E - 2 potions of attraction
 F - 2 potions of might
 G - a potion of berserk rage {unknown}
 H - 2 potions of resistance {unknown}


   Skills:
 - Level 10.5 Fighting
 * Level 13.8 Axes
 - Level 7.8 Armour
 - Level 3.7 Dodging
 - Level 2.6 Shields
 - Level 6.1 Invocations


You had 12 spell levels left.
You didn't know any spells.
Your spell library contained the following spells:

 Spells                   Type           Power      Damage    Failure   Level
 Apportation              Tloc           0%         N/A       99%         1
 Magic Dart               Conj           0%         1d3       99%         1
 Sandblast                Erth           0%         2d4       99%         1
 Slow                     Hex            0%         N/A       99%         1
 Summon Small Mammal      Summ           0%         N/A       99%         1
 Ensorcelled Hibernation  Hex/Ice        0%         N/A       100%        2
 Passwall                 Tmut/Erth      0%         N/A       100%        2
 Searing Ray              Conj           0%         2d4       100%        2
 Call Canine Familiar     Summ           0%         N/A       100%        3
 Confusing Touch          Hex            0%         N/A       100%        3
 Inner Flame              Hex/Fire       0%         N/A       100%        3
 Stone Arrow              Conj/Erth      0%         3d7       100%        3
 Summon Guardian Golem    Hex/Summ       0%         N/A       100%        3
 Swiftness                Air            0%         N/A       100%        3
 Vampiric Draining        Necr           0%         2d6       100%        3
 Cause Fear               Hex            0%         N/A       100%        4
 Fulminant Prism          Conj/Hex       0%         3d5       100%        4
 Alistair's Intoxication  Tmut/Pois      0%         N/A       100%        5
 Fireball                 Conj/Fire      0%         3d3       100%        5
 Iskenderun's Battlesphe  Conj           0%         2d6       100%        5
 Conjure Ball Lightning   Conj/Air       0%         3x3d6     100%        6
 Orb of Destruction       Conj           0%         9d5       100%        7
 Discord                  Hex            0%         N/A       100%        8


Dungeon Overview and Level Annotations

Branches:
Dungeon (13/15)            Temple (1/1) D:5            Lair (0/5) D:8
    Orc (2/2) D:9             Elf (0/3) Orc:2       Ossuary (visited)
 Vaults: D:13-14

Altars:
Ashenzari
Cheibriados
Dithmenos
Elyvilon
Fedhas
Gozag
Hepliaklqana
Kikubaaqudgha
Makhleb
Nemelex Xobeh
Okawaru
Qazlal
Ru
Sif Muna
Trog
Uskayaw
Vehumet
Wu Jian
Xom
Yredelemnul
Zin
The Shining One

Shops:
D:2 (   D:3 ?   D:4 ([(=   D:7 :   D:8 (![(

Annotations:
D:3 3 runed translucent doors, sugarbear's ghost, amateur DrTm
D:6 3 runed translucent doors, Iniera's ghost, novice DsFi; jimonade's ghost, novice DjWr
Orc:2 Donald


Innate Abilities, Weirdness & Mutations

You have razor-sharp teeth.
Your natural rate of healing is unusually fast.
When hurt, damage is shared between your health and your magic reserves.
Your bite disrupts and absorbs the magic of your enemies.
Potions cannot restore your health.
Your muscles are strong. (Str +4, Int/Dex -1)


Message History

You hear a shout!
Donald says, "Orcs complain a lot, don't they?
I hate it."
Your protection from fire is fading.
You feel less protected from fire.
Okay, then.
Donald looks more healthy.
Things that are here:
a +0 shortbow of freezing; an orc skeleton Activating: Elemental Force (4% risk of failure)
Press: ? - help, Dir - look around, f - activate Clouds arounds you coalesce and take form!
Donald hits you with a +4 broad axe of flaming!!
You feel protected from physical attacks.
Your resistance to physical damage fades away.
You feel protected from fire. Donald burns you!
* * * LOW HITPOINT WARNING * * *
Donald says, "I hate complainers so much."
Donald barely misses you.
Donald hits your water elemental with a +4 broad axe of flaming!!
Donald burns your water elemental!
Donald blocks your water elemental's attack.
Donald is struck by lightning.
Donald closely misses your water elemental.
Donald hits your water elemental with a +4 broad axe of flaming!!
Donald burns your water elemental.
Your water elemental is destroyed!
Your water elemental disappears in a puff of smoke!
Aiming: Paralyse
Press: ? - help, Shift-Dir - straight line, f - Donald
Aim: Donald, wielding a +4 broad axe of flaming, wearing a +0 chain mail and wearing a +0 kite shield of reflection (thunder, heavily wounded, fast, strong, reflecting blocked projectiles, chance to affect: 1%)
Okay, then.
Donald is struck by lightning.
Donald is engulfed in freezing vapours.
Donald says, "These orcs are so stupid, they must've eaten the rune."
You hit Donald. Donald blocks your attack.
Donald is severely wounded.
Donald is engulfed in blazing flames.
Donald hits you with a +4 broad axe of flaming!!
You die...

#..#####....#######. #...#
####).......#
##...#####.#.......#
###....##.###.....####
##....................#
###..#########§##........#
#.##.##.._..##.°.○.#......
##....#.....).#☼@..#.......
##.....#.......#@.°.........
.#..<..#...###'#...##.#.....
#......#.. #...#.☼...#.....
###....#8 #.8.#.....#.....
##...# #...#...........
#...#######'#.......... #
##.......)..)........ ###
###)..))..####......
#.###..))).#..### ..#


You could see Donald (fast, strong, reflecting).

Vanquished Creatures
  Harold (D:9)
  2 boulder beetles (D:12)
  A two-headed ogre (D:10)
  A centaur warrior (D:12)
  Pikel (D:6)
  3 orc knights
  A manticore (D:12)
  An ugly thing (D:12)
  3 cyclopes
  3 centaur zombies (D:7)
  Maggie (D:6)
  2 unseen horrors
  Psyche (D:8)
  4 centaur skeletons (D:7)
  An orange demon (D:9)
  A komodo dragon (D:8)
  A hornet (D:8)
  2 hellwings (D:6)
  5 trolls
  Prince Ribbit (D:7)
  Sigmund (D:2)
  2 shadows
  8 yaks
  7 slime creatures (D:12)
  2 wraiths (D:12)
  2 wyverns
  2 vampire mosquitoes (D:13)
  A warg (Orc:2)
  Edmund (D:6)
  A water moccasin (D:7)
  25 orc warriors
  A black bear (D:5)
  A sky beast (D:6)
  2 ogres
  4 centaurs
  4 lemures (D:5)
  4 kobold brigands
  4 phantoms
  3 bullfrogs
  2 scorpions
  A gnoll sergeant (D:8)
  6 water moccasin zombies (Ossuary)
  5 wights (D:8)
  30 killer bees
  5 howler monkeys
  18 orc priests
  3 hounds
  A gnoll bouda (D:6)
  Jessica (D:2)
  Natasha (twice) (D:2)
  Terence (D:2)
  14 orc wizards
  2 mummies (Ossuary)
  13 gnolls
  8 adders
  4 shadow imps (D:7)
  4 adder zombies (Ossuary)
  A dart slug (D:2)
  92 orcs
  10 bats
  4 endoplasms
  2 giant cockroaches
  5 gnoll zombies (Ossuary)
  12 hobgoblins
  A jackal (D:3)
  25 kobolds
  5 quokkas
  4 ball pythons
  4 frilled lizards
  8 goblins
  5 hobgoblin zombies (Ossuary)
  3 kobold zombies (Ossuary)
  4 orc zombies (Ossuary)
  8 rats
424 creatures vanquished.

Vanquished Creatures (collateral kills)
  An orc warrior (Orc:2)
  An orc priest (Orc:2)
  2 orcs (Orc:2)
4 creatures vanquished.

Vanquished Creatures (others)
  Amaemon (D:9)
  A killer bee (D:9)
  42 plants
  A withered plant (D:7)
45 creatures vanquished.

Grand Total: 473 creatures vanquished

Notes
Turn   | Place    | Note
-------+----------+-------------------------------------------
     0 | D:1      | Iniera the Vine Stalker Fighter began the quest for the
                  | Orb.
     0 | D:1      | Reached XP level 1. HP: 11/11 MP: 2/2
    22 | D:1      | Reached skill level 2 in Axes
    71 | D:1      | Reached XP level 2. HP: 16/16 MP: 1/3
   520 | D:1      | Reached skill level 3 in Axes
   522 | D:1      | Reached XP level 3. HP: 18/19 MP: 4/4
   545 | D:1      | Found a faded altar of an unknown god.
   985 | D:2      | Found Qoaremel's Weapon Emporium.
   989 | D:2      | Noticed Terence
   990 | D:2      | Noticed Sigmund
   999 | D:2      | Killed Terence
  1000 | D:2      | Gained mutation: Your natural rate of healing is unusually
                  | fast. [Vine Stalker growth]
  1000 | D:2      | Reached XP level 4. HP: 15/23 MP: 5/5
  1003 | D:2      | Killed Sigmund
  1004 | D:2      | Reached skill level 5 in Axes
  1004 | D:2      | Reached XP level 5. HP: 17/27 MP: 3/6
  1274 | D:2      | Reached XP level 6. HP: 32/32 MP: 7/7
  1316 | D:2      | Noticed Natasha
  1325 | D:2      | Killed Natasha
  1581 | D:2      | Noticed Jessica
  1586 | D:2      | Killed Jessica
  1850 | D:2      | Noticed Natasha
  1858 | D:2      | Killed Natasha
  1859 | D:2      | Reached skill level 6 in Axes
  1992 | D:3      | Found The Oracle's Delphic Readings.
  1996 | D:3      | Bought a scroll of blinking for 82 gold pieces
  1996 | D:3      | Bought a scroll of identify for 22 gold pieces
  2257 | D:3      | Found a burning altar of Makhleb.
  2257 | D:3      | Noticed a blizzard demon
  2260 | D:3      | Noticed an orange demon
  2260 | D:3      | Noticed a ynoxinul
  2298 | D:3      | Found a runed translucent gate.
  2298 | D:3      | Found a runed translucent gate.
  2298 | D:3      | Found a runed translucent gate.
  2298 | D:3      | Noticed sugarbear's ghost (amateur DrTm)
  2629 | D:4      | Reached XP level 7. HP: 35/35 MP: 8/8
  2657 | D:4      | Found a white marble altar of Elyvilon.
  2789 | D:4      | Found Hatasefy's Weapon Shop.
  2847 | D:4      | Found Vupn's Antique Armour Emporium.
  2966 | D:4      | Found Womobbas's Jewellery Shop.
  3013 | D:4      | Found Zuezopt's Weapon Emporium.
  3110 | D:4      | Reached skill level 7 in Axes
  3179 | D:5      | Entered Level 5 of the Dungeon
  3179 | D:5      | Found a staircase to the Ecumenical Temple.
  3193 | Temple   | Entered the Ecumenical Temple
  3344 | Temple   | Became a worshipper of Qazlal Stormbringer
  3621 | D:5      | Gained mutation: You have razor-sharp teeth. [Vine Stalker
                  | growth]
  3621 | D:5      | Reached XP level 8. HP: 10/41 MP: 5/9
  3737 | D:5      | Reached skill level 8 in Axes
  4040 | D:6      | Noticed Pikel
  4268 | D:6      | Found a runed translucent gate.
  4268 | D:6      | Found a runed translucent gate.
  4268 | D:6      | Found a runed translucent gate.
  4274 | D:6      | Noticed Iniera's ghost (novice DsFi)
  4274 | D:6      | Noticed jimonade's ghost (novice DjWr)
  4434 | D:6      | Killed Pikel
  4515 | D:6      | Reached * piety under Qazlal
  4521 | D:6      | Reached skill level 9 in Axes
  4574 | D:6      | Reached XP level 9. HP: 46/46 MP: 10/10
  4653 | D:6      | Reached skill level 5 in Fighting
  4667 | D:6      | Noticed Edmund
  4674 | D:6      | Killed Edmund
  5146 | D:6      | Noticed Maggie
  5156 | D:6      | Killed Maggie
  5269 | D:6      | Found an ornate altar of the Wu Jian Council.
  5270 | D:6      | Found an opulent altar of Gozag.
  5519 | D:7      | Noticed a hellwing
  5520 | D:7      | Noticed a hellwing
  5529 | D:7      | Reached skill level 10 in Axes
  5571 | D:6      | Killed a hellwing
  5590 | D:7      | Reached skill level 1 in Invocations
  5592 | D:7      | Reached XP level 10. HP: 28/53 MP: 6/12
  5595 | D:7      | Reached skill level 5 in Armour
  5675 | D:7      | Reached skill level 11 in Axes
  5886 | D:7      | Noticed Prince Ribbit
  5893 | D:7      | Found Diybrez's Tremendous Tomes.
  5896 | D:7      | Killed Prince Ribbit
  6106 | D:7      | Found a sparkling altar of Nemelex Xobeh.
  6194 | D:7      | Identified the +6 rapier of Intimidation {heavy, Str+5}
  6223 | D:7      | Found a sand-covered staircase.
  6242 | Ossuary  | Entered an ossuary
  6277 | Ossuary  | Reached ** piety under Qazlal
  6424 | D:7      | Gained mutation: You are agile. (Dex +4, Str/Int -1)
                  | [potion of mutation]
  6425 | D:7      | Lost mutation: You are agile. (Dex +4, Str/Int -1) [potion
                  | of mutation]
  6425 | D:7      | Gained mutation: Your flesh is cold resistant. (rC+)
                  | [potion of mutation]
  6425 | D:7      | Gained mutation: You are dopey. (Int -2) [potion of
                  | mutation]
  6426 | D:7      | Lost mutation: You are dopey. (Int -2) [potion of mutation]
  6426 | D:7      | Lost mutation: Your flesh is cold resistant. (rC+) [potion
                  | of mutation]
  6426 | D:7      | Gained mutation: Your muscles are strong. (Str +4, Int/Dex
                  | -1) [potion of mutation]
  6537 | D:8      | Found Zakic's Antique Armour Shop.
  6550 | D:8      | Reached *** piety under Qazlal
  6551 | D:8      | Reached XP level 11. HP: 45/58 MP: 15/15
  6567 | D:8      | Found Surphun's Weapon Shop.
  6568 | D:8      | Found Vynk's Distillery.
  6573 | D:8      | Found Miyruireit's Weapon Shop.
  6579 | D:8      | Bought a potion of curing for 33 gold pieces
  6579 | D:8      | Bought a potion of lignification for 33 gold pieces
  6579 | D:8      | Bought a potion of attraction for 33 gold pieces
  6579 | D:8      | Bought a potion of might for 44 gold pieces
  6579 | D:8      | Bought a potion of might for 44 gold pieces
  6579 | D:8      | Bought a potion of curing for 33 gold pieces
  7011 | D:8      | Found a staircase to the Lair.
  7051 | D:9      | Noticed Amaemon
  7057 | D:9      | Noticed Harold
  7061 | D:9      | Noticed Psyche
  7069 | D:9      | Killed Harold
  7070 | D:9      | Reached skill level 12 in Axes
  7110 | D:9      | Killed Amaemon
  7119 | D:8      | Reached skill level 5 in Invocations
  7239 | D:8      | Killed Psyche
  7267 | D:9      | Reached **** piety under Qazlal
  7310 | D:9      | Identified the +5 trident of Ifaemor {distort, rF++ Int+2}
  7323 | D:9      | Found a staircase to the Orcish Mines.
  7731 | D:10     | Entered Level 10 of the Dungeon
  7794 | D:10     | Reached skill level 1 in Dodging
  7861 | D:10     | Noticed a two-headed ogre
  7869 | D:10     | Killed a two-headed ogre
  7870 | D:10     | Reached XP level 12. HP: 44/65 MP: 11/16
  7948 | D:10     | Reached ***** piety under Qazlal
  8048 | D:10     | Found a sacrificial altar of Ru.
  9056 | D:11     | Found an opulent altar of Gozag.
  9326 | D:12     | Noticed a centaur warrior
  9342 | D:12     | Killed a centaur warrior
  9343 | D:12     | Reached skill level 13 in Axes
  9414 | D:12     | Noticed a boulder beetle
  9418 | D:12     | Noticed a boulder beetle
  9446 | D:12     | Killed a boulder beetle
  9485 | D:12     | Killed a boulder beetle
  9813 | D:12     | Found a sparkling altar of Nemelex Xobeh.
  9876 | D:12     | Identified the +2 robe "Locuol" {rPois rF+ Dex+6}
  9907 | D:13     | Reached skill level 10 in Fighting
  9985 | D:13     | Noticed a vault guard
 10078 | Orc:1    | Entered Level 1 of the Orcish Mines
 10617 | Orc:1    | Reached XP level 13. HP: 50/72 MP: 12/18
 10728 | Orc:2    | Entered Level 2 of the Orcish Mines
 10762 | Orc:2    | Reached ****** piety under Qazlal
 10973 | Orc:2    | Found a staircase to the Elven Halls.
 10977 | Orc:2    | Noticed Donald
 10996 | Orc:2    | HP: 2/72 [Donald/+4 broad axe of flaming (7)]
 11248 | Orc:2    | Slain by Donald

Illustrated notes

Levels and vault maps discovered:
D:1:      shiori_arrival_elements, layout_loops_ring,
          dreamdust_ecumenical_altar_statues
D:2:      layout_basic, serial_shops, nicolae_shop_bloodbath_and_beyond,
          grunt_decor_clamped, chequers_serial_rivers_small_3, uniq_sigmund,
          uniq_natasha, uniq_jessica, uniq_terence
D:3:      layout_basic, makhleb_altar_promises_db,
          gammafunk_ghost_nasty_kobolds, nicolae_nh_oracle_at_delphi
D:4:      layout_basic, elyvilon_altar_1, serial_shops, nicolae_lakefront_shop,
          shop_statue, nicolae_shop_behind_doors, shop
D:5:      layout_cave_pools, minmay_temple_entry_gardened_gates,
          kennysheep_potato
D:6:      layout_layer_cave, amethyst_overflow_temple_binary,
          gammafunk_ghost_cemetery, uniq_edmund, uniq_pikel, uniq_maggie
D:7:      cheibrodos_grave_circle, layout_basic,
          mainiacjoe_overflow_tiny_flanked, enter_ossuary_3,
          nicolae_shop_i_like_big_books, minivault_5, uniq_prince_ribbit1
D:8:      layout_rooms, david_lair_shrubbed, minmay_shop_grid_forest,
          grunt_ministairs_3, kennysheep_doodads, kennysheep_generic_room_15
D:9:      layout_rooms, hiddenorc1_lemuel, uniq_psyche, uniq_amaemon,
          uniq_harold
D:10:     lemuel_ice_spiral_2, layout_basic,
          nicolae_ru_great_annihilating_truth, lightli_corner_chamber
D:11:     layout_small_grid, grunt_gozag_statues
D:12:     layout_gridville, nemelex_spade_bored_becter
D:13:     layout_basic, grunt_vaults_entry_fortified, corexii_leaking_fountain,
          minmay_statue_crystal_thing
Temple:   nicolae_temple_elliptical
Orc:1:    nicolae_orc_accident_2, layout_caves
Orc:2:    grunt_orc_community_town_hall, layout_diamond_mine,
          grunt_orc_community_big_house_1, grunt_orc_community_big_house_2,
          grunt_orc_community_house_2, grunt_orc_community_house_2,
          grunt_orc_community_house_3, grunt_orc_community_house_1, basic_altar,
          mines_bat_river, uniq_donald

Skill      XL: |  1  2  3  4  5  6  7  8  9 10 11 12 13 |
---------------+----------------------------------------+-----
Axes           | 2 3 5 6 7 9 10 11 12 13 | 13.8
Fighting       | 3 4 6 7 8 10 | 10.5
Armour         | 3 4 5 6 7 |  7.8
Invocations    | 1 4 5 6 |  6.1
Dodging        | 1 3 |  3.7
Shields        | |  2.6

Action                     |  1- 3 |  4- 6 |  7- 9 | 10-12 | 13-15 || total
---------------------------+-------+-------+-------+-------+-------++-------
  Melee: War axe           |    58 |    79 |   266 |   666 |    70 ||  1139
         Bite              |     6 |    15 |    86 |   240 |    25 ||   372
         Unarmed           |       |       |       |     2 |       ||     2
         Battleaxe         |       |       |       |       |    10 ||    10
 Invoke: Upheaval          |       |       |       |     3 |       ||     3
         Elemental Force   |       |       |       |       |     2 ||     2
  Evoke: Wand              |       |       |       |       |     1 ||     1
    Use: Scroll            |     2 |    10 |     1 |     7 |     5 ||    25
         Potion            |     1 |       |       |     8 |       ||     9
   Stab: Paralysed         |       |       |       |     1 |       ||     1
 Armour: Scale mail        |    19 |    45 |     8 |       |       ||    72
         Chain mail        |       |       |   173 |       |       ||   173
         Plate armour      |       |       |    99 |   371 |    23 ||   493
         Skin              |       |       |       |     2 |       ||     2
  Dodge: Dodged            |    36 |    24 |   129 |   336 |    36 ||   561
         Repelled          |       |       |       |       |     1 ||     1
  Block: Buckler           |     9 |    11 |    92 |   349 |    49 ||   510
         Other             |       |       |       |       |     6 ||     6

Table legend: (Time is in decaauts)
 A = Elapsed time spent in this place.
 B = Non-inter-level travel time spent in this place.
 C = Inter-level travel time spent in this place.
 D = Time resting spent in this place.
 E = Time spent auto-exploring this place.
 F = Levels seen in this place.
 G = Mean time per level.
                   A        B        C        D        E       F      G
               +--------+--------+--------+--------+--------+-----+--------+
         Total |  11263 |  10669 |    594 |    610 |   7623 |  17 |  662.5 |
       Dungeon |   9758 |   9236 |    522 |    434 |   6855 |  13 |  750.6 |
        Temple |    179 |    138 |     41 |      0 |    121 |   1 |  179.0 |
  Orcish Mines |   1146 |   1116 |     30 |    176 |    567 |   2 |  573.0 |
       Ossuary |    178 |    178 |      0 |      0 |     80 |   1 |  178.0 |
               +--------+--------+--------+--------+--------+-----+--------+

Top non-repeatable levels by time:
     D:6: 1471 daAuts
     D:2: 1056 daAuts
    D:10: 1017 daAuts
     D:1: 871 daAuts
   Orc:1: 837 daAuts
     D:8: 777 daAuts
     D:5: 767 daAuts
     D:4: 713 daAuts
    D:12: 666 daAuts
     D:7: 642 daAuts
     D:3: 639 daAuts
    D:11: 516 daAuts
     D:9: 508 daAuts
   Orc:2: 309 daAuts
  Temple: 179 daAuts
